 Dungeon Crawl Stone Soup version 0.25-a0-460-g4f2eb97ec1 (webtiles) character file.

Game seed: 214473248605028759, levelgen mode: deterministic

4797 Gargoyl the Cleaver (level 10, -1/83 HPs)
             Began as a Centaur Abyssal Knight on Feb 1, 2020.
             Was a High Priest of Lugonu.
             Slain by a troll (7 damage)
             ... on level 9 of the Dungeon on Feb 3, 2020.
             The game lasted 00:15:37 (9029 turns).

Gargoyl the Cleaver (Centaur Abyssal Knight)        Turns: 9029, Time: 00:15:38

Health: -1/83      AC: 12    Str: 21    XL:     10   Next: 24%
Magic:  10/14      EV: 10    Int: 11    God:    Lugonu [*****.]
Gold:   158        SH:  3    Dex: 10    Spells: 9/9 levels left

rFire    . . .     SeeInvis .   s - +6 battleaxe (flame)
rCold    . . .     Gourm    .   (shield currently unavailable)
rNeg     . . .     Faith    .   d - +2 ring mail {rPois}
rPois    +         Spirit   .   i - +0 helmet
rElec    .         Reflect  +   E - +0 cloak
rCorr    .         Harm     .   p - +0 pair of gloves
MR       .....                  (no barding)
Stlth    ..........             e - +3 amulet of reflection
HPRegen  0.23/turn              f - +4 ring of strength
MPRegen  0.14/turn              w - ring of poison resistance

@: very quick
A: large, hooves 3, deformed body, speed 2, tough skin 3
a: Depart the Abyss, Bend Space, Banish, Corrupt, Enter the Abyss, Renounce
Religion


You were on level 9 of the Dungeon.
You worshipped Lugonu.
Lugonu was extremely pleased with you.
You were very hungry.

You visited 1 branch of the dungeon, and saw 9 of its levels.
You visited the Abyss 1 time.

You collected 482 gold pieces.
You spent 324 gold pieces at shops.

Inventory:

Hand Weapons
 a - a +2 hand axe of draining
 s - a +6 battleaxe of flaming (weapon)
Missiles
 u - 6 boomerangs (quivered)
Armour
 d - a +2 ring mail of poison resistance (worn)
 i - a +0 helmet (worn)
 k - a +0 buckler
 p - a +0 pair of gloves (worn)
 E - a +0 cloak (worn)
Jewellery
 e - a +3 amulet of reflection (around neck)
 f - a +4 ring of strength (left hand)
 w - a ring of poison resistance (right hand)
 C - an uncursed amulet of rage
Wands
 j - a wand of polymorph (17)
 n - a wand of random effects (44)
 y - a wand of iceblast (9)
 B - a wand of disintegration (16)
Scrolls
 l - 5 scrolls of teleportation
 q - 6 scrolls of remove curse
 v - 3 scrolls of fog
 x - a scroll of magic mapping
Potions
 b - 4 potions of agility
 g - 2 potions of lignification
 h - a potion of heal wounds {unknown}
 m - 3 potions of might
 o - a potion of magic
 r - 3 potions of flight
 t - a potion of cancellation
 z - 2 potions of invisibility
 A - a potion of haste
Comestibles
 c - 10 rations
 D - 2 chunks of flesh


   Skills:
 + Level 5.7 Fighting
 + Level 8.2 Axes
 * Level 5.9 Armour
 * Level 4.5 Dodging
 + Level 0.3 Shields
 * Level 6.3 Invocations
 + Level 1.1 Evocations


You had 9 spell levels left.
You didn't know any spells.
Your spell library was empty.

Dungeon Overview and Level Annotations

Branches:
Dungeon (9/15)             Temple (0/1) D:4
   Lair: D:8-11         Orc: D:9-12

Altars:
Ashenzari
Elyvilon
Fedhas
Okawaru
Xom

Shops:
D:6 =

Annotations:
Abyss:1 Erica


Innate Abilities, Weirdness & Mutations

You have hooves in place of feet.
Armour fits poorly on your strangely shaped body.
You cover ground very quickly.
You have extremely tough skin. (AC +3)


Message History

E - a cloak You start putting on your armour.
You continue putting on your cloak. x4
You finish putting on your +0 cloak.
You are feeling very hungry.
You hit the troll. You burn the troll. You kick the troll.
The troll is moderately wounded.
The orc priest invokes the aid of Beogh against you.
Beogh smites you! The troll bites you but does no damage.
The troll closely misses you. The troll claws you but does no damage.
You hear a shout! x2
You hit the troll. You burn the troll. Your kick misses the troll.
The troll is heavily wounded.
The troll bites you! The troll closely misses you. The troll claws you.
* * * LOW HITPOINT WARNING * * *
Press: ? - help, Shift-Dir - straight line, f - troll
Aim: a troll (moderately wounded, chance to defeat MR: 84%)
You fail to use your ability.
The troll bites you!
* * * LOW HITPOINT WARNING * * *
The troll claws you but does no damage. The troll claws you!
You die...

#####.## .......
......#.### #.........
#..#....# ...#.
#..#....# #..#.
#..#@...#
.##..#.###..#T...##
........##..#o....##
.....................
#o.#..##..#.#...###
#.........#.#...#
.#.T...............
..........÷...#.#..####
...#.##..#†#.#.#..#


You could see a troll and an orc priest.

Vanquished Creatures
  Eustachio (D:4)
  Grum (D:7)
  A hungry ghost (D:7)
  An orc warrior (D:6)
  2 sky beasts
  An eye of draining (D:9)
  2 ice beasts
  6 ogres
  3 phantoms
  2 wolves (D:7)
  A centaur (D:8)
  Blork the orc (D:4)
  3 bullfrogs
  A scorpion (D:4)
  4 killer bees (D:8)
  4 wights (D:7)
  5 howler monkeys
  A centaur zombie (D:8)
  5 crimson imps
  A quasit (D:7)
  4 hounds
  2 jellies (D:9)
  5 orc priests
  Natasha (thrice) (D:4)
  8 orc wizards
  10 worker ants
  2 hound skeletons
  A worker ant zombie (D:9)
  Robin (D:3)
  3 gnolls (D:5)
  14 adders
  3 shadow imps
  3 oozes
  An adder skeleton (D:5)
  4 worms
  4 leopard geckos
  30 orcs
  2 ball pythons
  12 giant cockroaches
  15 goblins
  10 hobgoblins
  9 jackals
  5 quokkas
  9 bats
  3 frilled lizards
  2 jackal zombies (D:8)
  10 kobolds
  A leopard gecko skeleton (D:5)
  A leopard gecko zombie (D:5)
  7 rats
230 creatures vanquished.

Vanquished Creatures (others)
  An ugly thing (D:6)
  An orc wizard (D:8)
2 creatures vanquished.

Grand Total: 232 creatures vanquished

Notes
Turn   | Place    | Note
-------+----------+-------------------------------------------
     0 | Abyss:1  | Gargoyl the Centaur Abyssal Knight began the quest for the
                  | Orb.
     0 | Abyss:1  | Reached XP level 1. HP: 19/19 MP: 2/2
    52 | Abyss:1  | Found a corrupted altar of Lugonu.
   113 | Abyss:1  | Noticed a large abomination
   126 | Abyss:1  | Noticed a crimson imp
   158 | Abyss:1  | Noticed a large abomination
   159 | Abyss:1  | Noticed a stone giant skeleton
   186 | Abyss:1  | Noticed a tentacled starspawn
   189 | D:1      | Escaped the Abyss
   308 | D:1      | Reached XP level 2. HP: 23/26 MP: 3/3
   390 | D:1      | Reached * piety under Lugonu
   446 | D:1      | Reached skill level 2 in Axes
   937 | D:2      | Reached skill level 1 in Dodging
   973 | D:2      | Reached XP level 3. HP: 31/31 MP: 4/4
  1180 | D:2      | Found an iron altar of Okawaru.
  1182 | D:2      | Found a white marble altar of Elyvilon.
  1182 | D:2      | Found a shadowy altar of Dithmenos.
  1186 | D:2      | Found a shattered altar of Ashenzari.
  1186 | D:2      | Found a shimmering altar of Xom.
  1186 | D:2      | Found an iron altar of Okawaru.
  1640 | D:2      | Found a blossoming altar of Fedhas.
  1648 | D:2      | Reached XP level 4. HP: 38/38 MP: 5/5
  2003 | D:3      | Noticed Robin
  2006 | D:3      | Reached ** piety under Lugonu
  2026 | D:3      | Killed Robin
  2544 | D:3      | Reached XP level 5. HP: 43/45 MP: 7/7
  2821 | D:3      | Upgraded the game from 0.25-a0-458-g6fc7858b95 to
                  | 0.25-a0-460-g4f2eb97ec1
  3180 | D:4      | Reached skill level 3 in Axes
  3194 | D:4      | Noticed Natasha
  3200 | D:4      | Killed Natasha
  3200 | D:4      | Reached *** piety under Lugonu
  3257 | D:4      | Noticed Natasha
  3263 | D:4      | Killed Natasha
  3353 | D:4      | Found a staircase to the Ecumenical Temple.
  3406 | D:5      | Entered Level 5 of the Dungeon
  3413 | D:4      | Noticed Natasha
  3429 | D:4      | Killed Natasha
  3429 | D:4      | Reached XP level 6. HP: 40/51 MP: 8/8
  3548 | D:4      | Noticed Eustachio
  3559 | D:4      | Killed Eustachio
  3792 | D:4      | Reached XP level 7. HP: 53/58 MP: 9/9
  3971 | D:4      | Noticed Blork the orc
  3982 | D:4      | Killed Blork the orc
  3982 | D:4      | Reached skill level 4 in Axes
  4766 | D:5      | Reached XP level 8. HP: 66/66 MP: 11/11
  4879 | D:5      | You fall into a shaft and drop 1 floor!
  4920 | D:6      | Reached skill level 5 in Axes
  4939 | D:6      | Reached **** piety under Lugonu
  5220 | D:6      | Noticed a green ugly thing
  5566 | D:6      | Banished a green ugly thing
  5657 | D:6      | Reached skill level 6 in Axes
  5657 | D:6      | Reached skill level 5 in Invocations
  5699 | D:6      | Reached XP level 9. HP: 38/73 MP: 12/12
  5756 | D:6      | Reached skill level 5 in Fighting
  5952 | D:6      | Found Ytaatyly's Jewellery Boutique.
  5959 | D:6      | Bought a +4 ring of strength for 324 gold pieces
  6303 | D:7      | Reached skill level 5 in Armour
  6701 | D:7      | Reached skill level 7 in Axes
  7158 | D:8      | Noticed Grum
  7424 | D:7      | Reached skill level 1 in Evocations
  7470 | D:8      | Noticed Erica
  7472 | D:8      | Reached ***** piety under Lugonu
  8049 | D:7      | Killed Grum
  8287 | D:8      | Reached XP level 10. HP: 57/81 MP: 14/14
  8297 | D:8      | Banished Erica
  8313 | D:8      | Reached skill level 8 in Axes
  9029 | D:9      | Slain by a troll

Levels and vault maps discovered:
D:1:      minmay_arrival_solitary_statue, layout_basic
D:2:      minmay_roachtagon, layout_loops_ring, nicolae_overflow_crystal_walls,
          st_stairs_14, doesnt_xom_only_xom
D:3:      layout_basic, uniq_robin
D:4:      layout_basic, minmay_temple_entry_trees, first_ration,
          uniq_blork_the_orc, uniq_natasha, uniq_eustachio
D:5:      layout_basic
D:6:      layout_cave_pools, serial_shops, shop
D:7:      layout_rooms
D:8:      layout_rooms, uniq_grum, uniq_erica
D:9:      layout_basic, serial_shops, shop, the_bakery

Skill      XL: |  1  2  3  4  5  6  7  8  9 10 |
---------------+-------------------------------+-----
Axes           | 2 3 4 6 7 8 |  8.2
Dodging        | 1 2 3 4 |  4.5
Armour         | 2 3 4 5 |  5.9
Invocations    | 3 4 5 6 |  6.3
Fighting       | 4 5 |  5.7
Evocations     | 1 |  1.1
Shields        | |  0.3

Action                   |  1- 3 |  4- 6 |  7- 9 | 10-12 || total
-------------------------+-------+-------+-------+-------++-------
Melee: Hand axe          |   110 |   155 |    14 |       ||   279
       Kick              |    21 |    33 |    48 |    11 ||   113
       Unarmed           |       |     4 |       |       ||     4
       Battleaxe         |       |       |   264 |    45 ||   309
Invok: Depart the Abyss  |     1 |       |       |       ||     1
       Banish            |       |       |     1 |     2 ||     3
       Bend Space        |       |       |     1 |       ||     1
Evoke: Wand              |       |     1 |     8 |       ||     9
  Use: Potion            |     1 |     1 |     2 |     1 ||     5
       Scroll            |    11 |     5 |    11 |     3 ||    30
 Stab: Invisible         |       |       |     2 |     1 ||     3
  Eat: Chunk             |     1 |     5 |    13 |     1 ||    20
       Ration            |       |       |     1 |       ||     1
Armor: Ring mail         |    92 |   103 |   169 |    26 ||   390
Dodge: Dodged            |    69 |    80 |   178 |    12 ||   339
Block: Buckler           |     7 |    24 |     1 |       ||    32
       Other             |       |       |       |     7 ||     7

Table legend:
 A = Non-vault XP
 B = Vault XP
 C = Vault XP percentage of total XP
 D = Non-vault monster count
 E = Vault monster count
 F = Vault count percentage of total count
                 A         B        C        D         E       F
            +---------+---------+-------+---------+---------+-------
      Total |    5625 |    1228 |  17.9 |     204 |      28 |  12.1
            +---------+---------+-------+---------+---------+-------
        D:1 |      35 |       0 |   0.0 |      22 |       0 |   0.0
        D:2 |      59 |      17 |  22.4 |      17 |       9 |  34.6
        D:3 |      66 |      36 |  35.3 |      24 |      12 |  33.3
        D:4 |     380 |     340 |  47.2 |      14 |       3 |  17.6
        D:5 |     642 |       0 |   0.0 |      30 |       0 |   0.0
        D:6 |    1513 |       0 |   0.0 |      31 |       0 |   0.0
        D:7 |    1626 |     429 |  20.9 |      36 |       3 |   7.7
        D:8 |     708 |     406 |  36.4 |      19 |       1 |   5.0
        D:9 |     596 |       0 |   0.0 |      11 |       0 |   0.0
            +---------+---------+-------+---------+---------+-------
